 Dungeon Crawl Stone Soup version 0.25-a0-287-g56a5b49892 (webtiles) character file.

Game seed: 12104289848758192167, levelgen mode: deterministic

12742 D1HalberdGnoll the Martial Artist (level 11, -7/121 HPs)
             Began as a Black Draconian Transmuter on Dec 12, 2019.
             Was an Elder of Ru.
             Mangled by a six-headed hydra (11 damage)
             ... on level 5 of the Lair of Beasts.
             The game lasted 00:33:46 (21358 turns).

D1HalberdGnoll the Martial Artist (DrTm)           Turns: 21358, Time: 00:33:47

Health: -7/121     AC:  6    Str: 13    XL:     11   Next: 66%
Magic:  24/24      EV: 10    Int: 16    God:    Ru [****..]
Gold:   968        SH:  0    Dex: 14    Spells: 12/28 levels left

rFire    x . .     SeeInvis .     - Unarmed
rCold    + + +     Gourm    .   (shield unavailable)
rNeg     . . .     Faith    .   (armour unavailable)
rPois    +         Spirit   .   (helmet currently unavailable)
rElec    .         Reflect  .   (cloak currently unavailable)
rCorr    .         Harm     .   (gloves currently unavailable)
MR       .....                  (boots currently unavailable)
Stlth    +.........             (no amulet)
HPRegen  0.30/turn              (ring unavailable)
MPRegen  0.19/turn              g - ring of poison resistance

@: exhausted, ice-form, lightly drained, invisible
A: large, (breathe lightning), unfitting armour, missing a hand, inexperienced
1, AC +7
a: End Transformation, Sacrifice Resistance, Sacrifice Courage, Sacrifice
Purity, Reject Sacrifices, Draw Out Power, Power Leap, Renounce Religion


You were on level 5 of the Lair of Beasts.
You worshipped Ru.
Ru was greatly pleased with you.
You were hungry.
You were a creature of crystalline ice.
You visited 3 branches of the dungeon, and saw 17 of its levels.

You collected 968 gold pieces.

Inventory:

Missiles
 a - 125 arrows
 x - a throwing net (quivered)
Armour
 t - a +2 cloak (melded)
 v - the +1 hat "Miegg" (melded) {Str+5}
   (You acquired it on level 5 of the Lair of Beasts)

   It affects your strength (+5).
Jewellery
 g - a ring of poison resistance (right front paw)
 n - an uncursed ring of ice
 q - an uncursed ring of see invisible
Wands
 y - a wand of disintegration (26)
 A - a wand of polymorph (9)
 D - a wand of flame (15)
 F - a wand of paralysis (11)
Scrolls
 e - 2 scrolls of enchant armour
 f - 5 scrolls of amnesia
 i - 8 scrolls of teleportation
 j - 6 scrolls of magic mapping
 o - 9 scrolls of remove curse
 B - 3 scrolls of enchant weapon
Potions
 d - 3 potions of agility
 h - 6 potions of lignification
 k - a potion of magic
 l - a potion of might {unknown}
 m - 6 potions of haste
 r - 3 potions of berserk rage
 u - 3 potions of brilliance
 w - 7 potions of curing
 z - 2 potions of flight
 E - 2 potions of resistance
Comestibles
 c - 8 rations


   Skills:
 + Level 10.8(10.4) Fighting
 - Level 1.7(1.4) Dodging
 * Level 13.8(13.4) Unarmed Combat
 + Level 9.3(8.9) Spellcasting
 + Level 10.1(9.7) Transmutations


You had 12 spell levels left.
You knew the following spells:

 Your Spells              Type           Power        Failure   Level  Hunger
a - Spider Form           Tmut/Pois      ###.......   4%          3    #......
b - Sticks to Snakes      Tmut           #####...     1%          2    None
c - Blade Hands           Tmut           #####.....   5%          5    #####..
d - Ice Form              Ice/Tmut       ###.....     14%         4    ###....
e - Confusing Touch       Hex            #.....       11%         1    None
s - Animate Skeleton      Necr           N/A          11%         1    None

Your spell library contained the following spells:

 Spells                   Type           Power        Failure   Level  Hunger
 Beastly Appendage        Tmut           #####.       1%          1    None
 Pain                     Necr           #...         11%         1    None
 Summon Small Mammal      Summ           #...         11%         1    None
 Petrify                  Tmut/Erth      ###.....     14%         4    ###....
 Call Imp                 Summ           #.......     16%         2    None
 Call Canine Familiar     Summ           #.......     30%         3    #......
 Confuse                  Hex            #.......     30%         3    #......
 Gell's Gravitas          Tloc           #.........   30%         3    #......
 Regeneration             Chrm/Necr      #.........   30%         3    #......
 Summon Guardian Golem    Hex/Summ       #.......     30%         3    #......
 Vampiric Draining        Necr           #.........   30%         3    #......
 Yara's Violent Unravell  Hex/Tmut       ###.......   36%         5    #####..
 Animate Dead             Necr           N/A          71%         4    ###....
 Summon Ice Beast         Ice/Summ       #.......     71%         4    ###....
 Summon Lightning Spire   Summ/Air       #.......     71%         4    ###....
 Bolt of Magma            Conj/Fire/Erth #.........   96%         5    #####..
 Iskenderun's Battlesphe  Conj/Chrm      #.......     96%         5    #####..
 Metabolic Englaciation   Hex/Ice        #.........   96%         5    #####..
 Iron Shot                Conj/Erth      #.........   100%        6    ######.
 Orb of Destruction       Conj           #.........   100%        7    #######
 Spellforged Servitor     Conj/Summ      #.........   100%        7    #######


Dungeon Overview and Level Annotations

Branches:
Dungeon (10/15)            Temple (1/1) D:4            Lair (6/6) D:10
 Shoals (0/4) Lair:3       Spider (0/4) Lair:3
  Slime: Lair:5-6       Orc: D:9-12

Altars:
Ashenzari
Cheibriados
Dithmenos
Elyvilon
Fedhas
Gozag
Hepliaklqana
Kikubaaqudgha
Makhleb
Nemelex Xobeh
Okawaru
Qazlal
Ru
Sif Muna
Trog
Uskayaw
Vehumet
Wu Jian
Xom
Yredelemnul
Zin
The Shining One


Innate Abilities, Weirdness & Mutations

((You can breathe wild blasts of lightning.))
((Your glossy black scales are hard. (AC +7)))
You cannot fit into any form of body armour.
((You are resistant to electric shocks. (rElec)))
((You are cold-blooded and may be slowed by cold attacks.))
You are missing a hand.
You are somewhat inexperienced. (-2 XL)


Message History

Okay, then.
You are restored by drawing out deep reserves of power within.
You feel drained. The six-headed hydra barely misses you.
The six-headed hydra bites you!
* * * LOW HITPOINT WARNING * * *
The six-headed hydra bites you.
* * * LOW HITPOINT WARNING * * *
The six-headed hydra bites you.
* * * LOW HITPOINT WARNING * * *
The six-headed hydra closely misses you.
The six-headed hydra bites you!
* * * LOW HITPOINT WARNING * * *
Okay, then.
Okay, then.
Press: ? - help, v - describe, . - travel
Here: a six-headed hydra (severely wounded)
The floor, spattered with blood.
You fade into invisibility!
The six-headed hydra bites you!
You die...

.................................
............................[....
.................................
.......P.........................
.......................##....####
........#.............#.#########
.....................P..###..#.#.
...............D.................
................Y................
.................................
.................................
...^.........................[...
..^..............................
.................................
.................................
................)....P.#...#....#
.....................#####.######


You could see a six-headed hydra.

Vanquished Creatures
  2 hydras
  A two-headed ogre (D:4)
  2 death yaks (Lair:4)
  Nergalle (Lair:3)
  Pikel (D:7)
  A manticore (Lair:3)
  2 black mambas
  6 spiny frogs
  7 komodo dragons
  2 rime drakes
  2 trolls (D:10)
  A hornet (D:8)
  5 hippogriffs
  9 blink frogs
  A wraith (D:9)
  18 yaks
  A basilisk (Lair:5)
  2 wyverns
  A hungry ghost (D:8)
  Grum (D:8)
  9 water moccasins
  8 porcupines
  An ice beast (D:9)
  3 orc warriors
  3 phantoms
  A slave (D:7)
  An eye of draining (D:8)
  A black bear (Lair:4)
  3 ogres
  2 centaurs
  18 wolves
  10 crocodiles
  3 big kobolds
  9 bullfrogs
  A wyvern skeleton (D:10)
  A scorpion (D:7)
  5 killer bees (D:7)
  4 wights (D:6)
  5 electric eels
  2 howler monkeys (D:5)
  4 crimson imps
  A jelly (D:10)
  A bullfrog zombie (D:6)
  4 orc priests
  3 centaur skeletons
  6 hounds
  A quasit (D:5)
  2 bullfrog skeletons
  Crazy Yiuf (D:3)
  6 worker ants
  4 orc wizards
  A killer bee zombie (D:7)
  A hound skeleton (D:8)
  2 worker ant zombies
  14 adders
  2 shadow imps (D:7)
  An ooze (D:2)
  An adder zombie (D:6)
  6 worms
  2 dart slugs
  4 leopard geckos
  19 orcs
  A ball python (D:2)
  4 bats
  A giant cockroach (D:1)
  4 goblins
  7 hobgoblins
  7 jackals
  4 quokkas
  A jackal zombie (D:9)
  20 kobolds
  A leopard gecko zombie (D:5)
  7 rats
299 creatures vanquished.

Vanquished Creatures (collateral kills)
  4 death yaks (Lair:4)
  A komodo dragon (D:10)
  An ogre (D:4)
  A howler monkey (D:4)
  An orc (D:4)
8 creatures vanquished.

Vanquished Creatures (others)
  A hound zombie (D:7)
  A kobold (D:7)
  10 fungi
  11 plants
23 creatures vanquished.

Grand Total: 330 creatures vanquished

Notes
Turn   | Place    | Note
-------+----------+-------------------------------------------
     0 | D:1      | D1HalberdGnoll the Draconian Transmuter began the quest for
                  | the Orb.
     0 | D:1      | Reached XP level 1. HP: 16/16 MP: 3/3
   189 | D:1      | Reached XP level 2. HP: 17/23 MP: 3/5
   775 | D:2      | Found a hazy altar of Hepliaklqana.
   793 | D:2      | Found a glowing golden altar of the Shining One.
   794 | D:2      | Found a radiant altar of Vehumet.
  1253 | D:2      | Learned a level 2 spell: Sticks to Snakes
  1304 | D:2      | Reached XP level 3. HP: 28/29 MP: 4/6
  2045 | D:2      | Reached XP level 4. HP: 14/36 MP: 2/7
  2051 | D:2      | Reached skill level 4 in Unarmed Combat
  2279 | D:2      | You fall into a shaft and drop 2 floors!
  3131 | D:3      | Found a runed translucent door.
  3132 | D:3      | Noticed Crazy Yiuf
  3973 | D:3      | Killed Crazy Yiuf
  3973 | D:3      | Reached XP level 5. HP: 42/42 MP: 1/9
  4077 | D:4      | Found a sparkling altar of Nemelex Xobeh.
  4122 | D:4      | Found a shimmering altar of Xom.
  4174 | D:4      | Noticed a two-headed ogre
  4415 | D:3      | Learned a level 3 spell: Spider Form
  4643 | D:4      | Found a staircase to the Ecumenical Temple.
  4968 | D:4      | Killed a two-headed ogre
  4968 | D:4      | Reached skill level 6 in Unarmed Combat
  4968 | D:4      | Reached XP level 6. HP: 53/53 MP: 9/12
  4968 | D:4      | Your scales start taking on a glossy black colour.
  4968 | D:4      | Reached XP level 7. HP: 60/60 MP: 9/13
  4968 | D:4      | Gained mutation: You are resistant to electric shocks.
                  | (rElec) [Black Draconian growth]
  5500 | Temple   | Entered the Ecumenical Temple
  5615 | Temple   | Became a worshipper of Ru the Awakened
  5675 | D:5      | Entered Level 5 of the Dungeon
  5816 | D:5      | Reached XP level 8. HP: 67/67 MP: 11/14
  5995 | D:5      | Found an opulent altar of Gozag.
  6325 | D:5      | Reached skill level 7 in Unarmed Combat
  6395 | D:5      | Reached skill level 5 in Fighting
  6749 | D:6      | Reached skill level 5 in Transmutations
  7015 | D:6      | Found a shadowy altar of Dithmenos.
  7301 | D:6      | Found a blossoming altar of Fedhas.
  7368 | D:6      | Reached skill level 5 in Spellcasting
  7731 | D:6      | Reached skill level 8 in Unarmed Combat
  8187 | D:7      | Reached XP level 9. HP: 75/75 MP: 13/16
  8799 | D:7      | Noticed Pikel
  8814 | D:7      | Killed Pikel
  8814 | D:7      | Reached skill level 9 in Unarmed Combat
  9278 | D:8      | Learned a level 5 spell: Blade Hands
  9379 | D:8      | Noticed Grum
  9402 | D:8      | Killed Grum
  9505 | D:8      | Reached XP level 10. HP: 76/86 MP: 1/19
  9651 | D:8      | Learned a level 1 spell: Animate Skeleton
 10470 | D:9      | Reached skill level 10 in Unarmed Combat
 11670 | D:10     | Entered Level 10 of the Dungeon
 12401 | D:10     | Learned a level 4 spell: Ice Form
 12418 | D:10     | Found a staircase to the Lair.
 13353 | Lair:1   | Entered Level 1 of the Lair of Beasts
 13405 | Lair:1   | Reached skill level 11 in Unarmed Combat
 13448 | Lair:1   | Noticed a spiny frog
 13456 | Lair:1   | Killed a spiny frog
 13626 | Lair:1   | Reached XP level 11. HP: 95/95 MP: 21/21
 14018 | Lair:1   | Gained mutation: You are missing a hand. [Ru sacrifice]
 14018 | Lair:1   | Reached * piety under Ru
 14018 | Lair:1   | Reached ** piety under Ru
 14687 | Lair:1   | Reached skill level 12 in Unarmed Combat
 15120 | Lair:2   | Noticed an eight-headed hydra
 15128 | Lair:2   | Killed an eight-headed hydra
 16130 | Lair:2   | Reached XP level 12. HP: 61/106 MP: 20/24
 17058 | Lair:3   | Noticed Nergalle
 17070 | Lair:3   | Killed Nergalle
 17120 | Lair:3   | Learned a level 1 spell: Confusing Touch
 17296 | Lair:3   | Found a staircase to the Shoals.
 17598 | Lair:3   | Gained mutation: You are somewhat inexperienced. (-2 XL)
                  | [Ru sacrifice]
 17598 | Lair:3   | Reached XP level 11. HP: 99/99 MP: 23/23
 17598 | Lair:3   | Reached XP level 10. HP: 93/93 MP: 22/22
 17598 | Lair:3   | Reached *** piety under Ru
 17598 | Lair:3   | Reached **** piety under Ru
 17655 | Lair:3   | Reached skill level 10 in Fighting
 17787 | Lair:3   | Found a hole to the Spider Nest.
 18426 | Lair:4   | Reached skill level 13 in Unarmed Combat
 18454 | Lair:4   | Noticed a spiny frog
 18469 | Lair:4   | Killed a spiny frog
 18973 | Lair:4   | Reached XP level 11. HP: 101/101 MP: 18/23
 19153 | Lair:4   | Noticed a death yak
 19153 | Lair:4   | Noticed a death yak
 19153 | Lair:4   | Noticed a death yak
 19155 | Lair:4   | Noticed a death yak
 19156 | Lair:4   | Noticed a death yak
 19156 | Lair:4   | Noticed a death yak
 19163 | Lair:4   | Killed a death yak
 19173 | Lair:4   | Killed a death yak
 19178 | Lair:4   | Killed a death yak
 19185 | Lair:4   | Killed a death yak
 19230 | Lair:4   | Killed a death yak
 19235 | Lair:4   | Killed a death yak
 20049 | Lair:5   | Noticed an eight-headed hydra
 20058 | Lair:5   | Reached skill level 10 in Transmutations
 20316 | Lair:4   | Killed an eight-headed hydra
 21316 | Lair:5   | Identified a scroll of acquirement
 21317 | Lair:5   | Got a faintly humming hat
 21328 | Lair:5   | Identified the +1 hat "Miegg" {Str+5} (You acquired it on
                  | level 5 of the Lair of Beasts)
 21343 | Lair:6   | Entered Level 6 of the Lair of Beasts
 21347 | Lair:6   | Noticed a six-headed hydra
 21357 | Lair:5   | HP: 3/121 [six-headed hydra (15)]
 21358 | Lair:5   | Mangled by a six-headed hydra

Levels and vault maps discovered:
D:1:      elethiomel_arrival_quiet, layout_basic, minmay_misc_feat_rugged
D:2:      layout_loops_ring, gammafunk_temple_overflow_statue, minivault_27,
          lemuel_statue_altar
D:3:      layout_basic, minivault_26, uniq_crazy_yiuf_cottage
D:4:      layout_rooms, lemuel_crystal_altar, temple_pool_b, xom_teletrap_fun
D:5:      layout_loops_corners, nicolae_gozag_cash_rules_everything_around_me,
          first_ration
D:6:      layout_basic, fedhas_ov_isle_minmay, grunt_dithmenos_smoke
D:7:      layout_basic, uniq_pikel
D:8:      layout_basic, uniq_grum
D:9:      layout_basic
D:10:     layout_basic, erik_lair_island
Temple:   compressed_dpeg_circular_temple
Lair:1:   layout_cave_shapes
Lair:2:   layout_concentric_octagons, grunt_megastairs_2
Lair:3:   layout_cave_pods, minmay_shoals_entry_beasts,
          spider_nest_entry_web_field, serial_bayou_shore_b,
          serial_bayou_shore_b, uniq_nergalle
Lair:4:   layout_loops_ring, serial_bayou, serial_bayou_pond_d,
          serial_bayou_pond_c, serial_bayou_pond_b, serial_bayou_pond_c,
          grunt_megastairs_1
Lair:5:   layout_big_grid
Lair:6:   minmay_lair_end_frog_pond, layout_concentric_octagons, slime_altar_2,
          grunt_megastairs_5

Skill      XL: |  1  2  3  4  5  6  7  8  9 10 11 |
---------------+----------------------------------+-----
Fighting       | 2 4 5 7 10 9 | 10.8
Unarmed Combat | 4 6 8 9 13 12 | 13.8
Transmutations | 4 5 6 7 10 | 10.1
Spellcasting   | 4 5 6 7 9 |  9.3
Dodging        | |  1.7

Action                   |  1- 3 |  4- 6 |  7- 9 | 10-12 || total
-------------------------+-------+-------+-------+-------++-------
Melee: Unarmed           |   109 |   103 |   330 |   508 ||  1050
       Kick              |    10 |    14 |       |       ||    24
       Headbutt          |     5 |       |       |       ||     5
       Tailslap          |     9 |    13 |    10 |    12 ||    44
       Punch             |     2 |     4 |     4 |     1 ||    11
 Cast: Beastly Appendage |    17 |    12 |       |       ||    29
       Sticks to Snakes  |     3 |     8 |     6 |    25 ||    42
       Spider Form       |       |       |    34 |    22 ||    56
       Ice Form          |       |       |       |    35 ||    35
       Blade Hands       |       |       |       |    11 ||    11
       Animate Skeleton  |       |       |       |     3 ||     3
Invok: Reject Sacrifices |       |       |     1 |       ||     1
       Sacrifice Experie |       |       |       |     1 ||     1
       Draw Out Power    |       |       |       |     2 ||     2
       Sacrifice a Hand  |       |       |       |     1 ||     1
 Abil: Breathe Lightning |       |       |       |     3 ||     3
Evoke: Wand              |       |     7 |     8 |    14 ||    29
  Use: Scroll            |       |    11 |    12 |    12 ||    35
       Potion            |       |       |     2 |     6 ||     8
 Stab: Distracted        |     1 |       |     1 |     3 ||     5
       Sleeping          |       |       |     2 |       ||     2
       Invisible         |       |       |       |     2 ||     2
       Paralysed         |       |       |       |     1 ||     1
  Eat: Chunk             |     4 |     6 |    14 |    20 ||    44
       Ration            |       |     1 |     1 |     8 ||    10
Armor: Skin              |    31 |    24 |    37 |    72 ||   164
Dodge: Dodged            |    64 |    75 |   226 |   316 ||   681

Table legend:
 A = Non-vault XP
 B = Vault XP
 C = Vault XP percentage of total XP
 D = Non-vault monster count
 E = Vault monster count
 F = Vault count percentage of total count
                 A         B        C        D         E       F
            +---------+---------+-------+---------+---------+-------
      Total |   31270 |    4889 |  13.5 |     281 |      25 |   8.2
            +---------+---------+-------+---------+---------+-------
        D:1 |      18 |       0 |   0.0 |       8 |       0 |   0.0
        D:2 |     117 |       0 |   0.0 |      25 |       0 |   0.0
        D:3 |     110 |      39 |  26.2 |      19 |       1 |   5.0
        D:4 |    1063 |       0 |   0.0 |      10 |       0 |   0.0
        D:5 |     564 |       0 |   0.0 |      18 |       0 |   0.0
        D:6 |     867 |       0 |   0.0 |      19 |       0 |   0.0
        D:7 |    1188 |     617 |  34.2 |      34 |       1 |   2.9
        D:8 |    1424 |     405 |  22.1 |      15 |       3 |  16.7
        D:9 |     815 |       0 |   0.0 |      15 |       0 |   0.0
       D:10 |    1502 |     754 |  33.4 |      23 |       8 |  25.8
     Lair:1 |    7756 |       0 |   0.0 |      33 |       0 |   0.0
     Lair:2 |    4487 |     524 |  10.5 |      18 |       2 |  10.0
     Lair:3 |     911 |    1493 |  62.1 |       6 |       3 |  33.3
     Lair:4 |    8253 |    1057 |  11.4 |      25 |       7 |  21.9
     Lair:5 |    2090 |       0 |   0.0 |      12 |       0 |   0.0
     Lair:6 |     105 |       0 |   0.0 |       1 |       0 |   0.0
            +---------+---------+-------+---------+---------+-------
